 Dungeon Crawl Stone Soup version 0.30.1-4-g462c640d31 (webtiles) character file.

Game seed: 6470732741342313253

16333 HagarQim the Basher (level 12, -2/94 HPs)
             Began as a Gnoll Wanderer on Aug 27, 2023.
             Was a High Priest of Lugonu.
             Slain by a vampire mosquito (3 damage)
             ... on level 12 of the Dungeon.
             The game lasted 00:41:32 (14392 turns).

HagarQim the Basher (Gnoll Wanderer)               Turns: 14392, Time: 00:41:33

Health: -2/94      AC: 25    Str: 15    XL:     12   Next: 36%
Magic:  24/24      EV:  2    Int: 11    God:    Lugonu [*****.]
Gold:   571        SH:  5    Dex: 13    Spells: 24/27 levels left

rFire   . . .        x - +4 war axe (drain)
rCold   . . .        (no shield)
rNeg    + + .        e - +0 crystal plate armour of Yging {Rampage rPois rN+ MP-9}
rPois   +            (no helmet)
rElec   .            q - +2 ratskin cloak {*Rats rPois rN+ Str-1 Int-1 Dex+1}
rCorr   .            g - +1 pair of gloves
SInv    +            H - +0 pair of boots {rampage}
Will    .....        l - amulet of reflection Stlth
                     c - ring of see invisible
HPRegen 0.35/turn    t - ring of magical power
MPRegen 0.19/turn

%: reflection, rampage
@: no status effects
A: fangs 1, strong nose, distributed training
a: Renounce Religion, Depart the Abyss, Banish, Corrupt, Enter the Abyss


You were on level 12 of the Dungeon.
You worshipped Lugonu.
Lugonu was extremely pleased with you.
You visited 1 branch of the dungeon, and saw 12 of its levels.

You collected 736 gold pieces.
You spent 165 gold pieces at shops.

Inventory:

Hand Weapons
 a - a +2 mace
 r - a +1 dagger of electrocution
 x - a +4 war axe of draining (weapon)
 E - a +2 broad axe of pain
Missiles
 b - 17 boomerangs (quivered)
 i - a silver boomerang
 K - 5 silver javelins
 P - a throwing net
 Q - a boomerang of dispersal
Armour
 e - the +0 crystal plate armour of Yging (worn) {Rampage rPois rN+ MP-9}
   (You acquired it on level 7 of the Dungeon)

   rPois:     It protects you from poison.
   rN:        It protects you from negative energy.
   MP:        It affects your magic capacity (-9).
   Rampage:   It bestows one free step when moving towards enemies.
 g - a +1 pair of gloves (worn)
 q - the +2 ratskin cloak (worn) {*Rats rPois rN+ Str-1 Int-1 Dex+1}
   (You found it on level 3 of the Dungeon)

   *Rats:     When the wearer is hurt, rats may emerge from it to assist them.
   Str:       It affects your strength (-1).
   Int:       It affects your intelligence (-1).
   Dex:       It affects your dexterity (+1).
   rPois:     It protects you from poison.
   rN:        It protects you from negative energy.
 F - +2 steam dragon scales
 H - a +0 pair of boots of rampaging (worn)
Jewellery
 c - a ring of see invisible (left hand)
 l - an amulet of reflection (around neck)
 m - an amulet of regeneration
 o - a ring of ice
 t - a ring of magical power (right hand)
 M - a ring of fire
Wands
 k - a wand of polymorph (7)
 w - a wand of acid (8)
 y - a wand of digging (6)
 C - a wand of paralysis (11)
 J - a wand of mindburst (16)
Scrolls
 d - 4 scrolls of teleportation
 h - 2 scrolls of brand weapon
 n - 2 scrolls of butterflies
 p - a scroll of amnesia
 N - a scroll of fear
 R - a scroll of fog
Potions
 f - 3 potions of lignification
 j - 3 potions of flight
 s - a potion of invisibility
 u - 6 potions of curing
 z - 2 potions of magic
 A - 2 potions of resistance
 B - 2 potions of attraction
 D - a potion of ambrosia
 G - 2 potions of haste {unknown}
 I - 2 potions of heal wounds
 L - 3 potions of mutation {unknown}
 O - a potion of berserk rage {unknown}
Miscellaneous
 v - a lightning rod (4/4)


   Skills:
 + Level 8.9 Fighting
 + Level 7.5 Short Blades
 + Level 7.5 Long Blades
 + Level 7.5 Axes
 + Level 8.9 Maces & Flails
 + Level 7.5 Polearms
 + Level 7.5 Staves
 + Level 7.5 Ranged Weapons
 + Level 8.0 Throwing
 + Level 7.5 Armour
 + Level 7.5 Dodging
 + Level 7.5 Stealth
 + Level 7.5 Shields
 + Level 7.5 Unarmed Combat
 + Level 8.0 Spellcasting
 + Level 6.2 Conjurations
 + Level 6.2 Hexes
 + Level 6.2 Summonings
 + Level 6.2 Necromancy
 + Level 6.2 Translocations
 + Level 8.4 Transmutations
 + Level 6.2 Fire Magic
 + Level 6.2 Ice Magic
 + Level 6.2 Air Magic
 + Level 6.2 Earth Magic
 + Level 6.2 Poison Magic
 + Level 8.2 Invocations
 + Level 8.0 Evocations


You had 24 spell levels left.
You knew the following spells:

 Your Spells              Type           Power      Damage    Failure   Level
a - Sting                 Tmut/Pois      80%        1d7       99%         1
b - Wereblood             Tmut           22%        N/A       99%         2

Your spell library contained the following spells:

 Spells                   Type           Power      Damage    Failure   Level
 Poisonous Vapours        Pois/Air       36%        N/A       100%        2
 Sublimation of Blood     Necr           18%        N/A       100%        2
 Frozen Ramparts          Ice            36%        1d6       100%        3
 Mephitic Cloud           Conj/Pois/Air  18%        N/A       100%        3
 Spider Form              Tmut/Pois      20%        N/A       100%        3
 Ice Form                 Ice/Tmut       20%        N/A       100%        4
 Petrify                  Tmut/Erth      20%        N/A       100%        4
 Summon Ice Beast         Ice/Summ       18%        N/A       100%        4
 Freezing Cloud           Conj/Ice/Air   9%         6-21      100%        5
 Metabolic Englaciation   Hex/Ice        9%         N/A       100%        5
 Summon Forest            Summ/Tloc      9%         N/A       100%        5
 Summon Mana Viper        Hex/Summ       18%        N/A       100%        5
 Statue Form              Tmut/Erth      13%        N/A       100%        6
 Summon Cactus Giant      Summ           9%         N/A       100%        6
 Summon Hydra             Summ           9%         N/A       100%        7


Dungeon Overview and Level Annotations

Branches:
Dungeon (12/15)            Temple (0/1) D:7            Lair (0/5) D:10
    Orc (0/2) D:9

Altars:
Fedhas
Hepliaklqana
Makhleb
Nemelex Xobeh
Ru
Yredelemnul
Lugonu

Shops:
D:3 !(=[   D:6 *[![!*

Annotations:
D:10 3 runed translucent doors, Almogavar's ghost, novice HOFi; Moleculo's ghost, novice MiBe; tykejmi's ghost, novice DsNe


Innate Abilities, Weirdness & Mutations

You have very sharp teeth.
Your uncanny sense of smell can sniff out nearby items.
Your experience applies equally to all skills.


Message History

You drain the orc.
The orc is moderately wounded.
The orc hits you with a +0 trident.
* * * LOW HITPOINT WARNING * * *
You hit the orc. You bite the orc, but do no damage.
The orc is severely wounded.
The orc hits you but does no damage.
You slash the orc!
You kill the orc!
Lugonu accepts your kill.
You start resting.
A vampire mosquito comes into view.
The vampire mosquito buzzes angrily.
Things that are here:
a +0 dagger; a +0 robe You see here a +0 trident.
Throw: 17 boomerangs
Press: ? - help, Q - select action, (/) - cycle Shift-Dir - straight line, f - vampire mosquito
Aim: a vampire mosquito (51% to hit)
You throw a boomerang.
The boomerang hits the vampire mosquito!
The vampire mosquito is heavily damaged.
Throw: 17 boomerangs
Press: ? - help, Q - select action, (/) - cycle Shift-Dir - straight line, f/p - vampire mosquito
Aim: a vampire mosquito (heavily damaged, 51% to hit)
You throw a boomerang.
The boomerang hits the vampire mosquito but does no damage.
The vampire mosquito is heavily damaged.
You miss the vampire mosquito.
The vampire mosquito is heavily damaged.
The vampire mosquito bites you.
* * * LOW HITPOINT WARNING * * *
The vampire mosquito draws strength from your injuries!
The vampire mosquito bites you but does no damage.
You hit the vampire mosquito.
The vampire mosquito is heavily damaged.
The vampire mosquito bites you!
* * * LOW HITPOINT WARNING * * *
The vampire mosquito bites you.
You die...

............>.# ....
..............# #..#
....#.........#####.o#
....#...........#.#o.#
...##................######
................# #o.......
..............## #.## .#.
..............)####..#....#
...............y@.........#
..............##.#.#...###.
...............######......
..............## ......
........#..##.. ......
....###.#######. ......
).......# ∆∆.. ....>
#.......# .... ##..<##..


You could see a vampire mosquito.

Vanquished Creatures
  Josephine (D:10)
  A two-headed ogre (D:10)
  Pikel (D:6)
  A cyclops (D:8)
  2 gargoyles
  2 komodo dragons (D:12)
  A kobold demonologist (D:10)
  4 trolls
  A hornet (D:9)
  2 wyverns
  2 water elementals (D:10)
  A shadow (D:8)
  A vampire (D:11)
  5 yaks (D:10)
  5 wraiths
  A steam dragon (D:7)
  9 vampire mosquitoes
  2 acid dragons
  2 water moccasins
  12 orc warriors
  2 ice beasts
  A sky beast (D:8)
  A black bear (D:5)
  A centaur (D:12)
  4 ogres
  A lemure (D:6)
  2 kobold brigands
  A bullfrog (D:7)
  2 scorpions
  2 gnoll sergeants
  13 wights
  14 killer bees
  6 howler monkeys
  2 jellies
  A hound (D:6)
  9 orc priests
  An iguana (D:6)
  2 sleepcaps
  18 orc wizards
  13 gnolls
  10 adders
  An ufetubus (D:5)
  2 worms
  3 dart slugs
  63 orcs
  7 ball pythons
  6 bats
  4 endoplasms
  3 giant cockroaches
  3 goblins
  8 hobgoblins
  2 jackals (D:2)
  3 quokkas
  2 frilled lizards
  15 kobolds
  6 rats
  A spectral goblin (D:1)
291 creatures vanquished.

Vanquished Creatures (collateral kills)
  A two-headed ogre (D:9)
  Maggie (D:6)
  A shadow (D:12)
  2 wraiths
  2 water elementals (D:10)
  A vampire mosquito (D:11)
  4 orc warriors
  A centaur (D:7)
  A gnoll sergeant (D:6)
  7 wights
  A gnoll bouda (D:8)
  An orc priest (D:9)
  4 gnolls
  2 orcs
29 creatures vanquished.

Vanquished Creatures (others)
  An orc wizard (D:11)
1 creature vanquished.

Grand Total: 321 creatures vanquished

Notes
Turn   | Place    | Note
-------+----------+-------------------------------------------
     0 | D:1      | HagarQim the Gnoll Wanderer began the quest for the Orb.
     0 | D:1      | HagarQim set off with the following items: a +2 mace, 8
                  | boomerangs, a +0 dagger, a scroll of teleportation, a +0
                  | leather armour; and the following spell memorised: Sting;
                  | and the following spells available to memorise: Spider
                  | Form.
     0 | D:1      | Reached XP level 1. HP: 20/20 MP: 4/4
   136 | D:1      | Found a faded altar of an unknown god.
   148 | D:1      | Prayed at the altar of an unknown god.
   148 | D:1      | Became a worshipper of Lugonu the Unformed
   148 | D:1      | Reached * piety under Lugonu
   270 | D:1      | Reached XP level 2. HP: 24/26 MP: 5/5
   806 | D:1      | Reached XP level 3. HP: 31/31 MP: 7/7
  1001 | D:1      | Reached skill level 1 in Invocations
  1163 | D:1      | Reached ** piety under Lugonu
  1676 | D:2      | Reached skill level 1 in Short Blades
  1676 | D:2      | Reached skill level 1 in Long Blades
  1676 | D:2      | Reached skill level 1 in Axes
  1676 | D:2      | Reached skill level 1 in Polearms
  1676 | D:2      | Reached skill level 1 in Staves
  1676 | D:2      | Reached skill level 1 in Ranged Weapons
  1676 | D:2      | Reached skill level 1 in Armour
  1676 | D:2      | Reached skill level 1 in Dodging
  1676 | D:2      | Reached skill level 1 in Stealth
  1676 | D:2      | Reached skill level 1 in Shields
  1676 | D:2      | Reached skill level 1 in Unarmed Combat
  1878 | D:2      | Reached XP level 4. HP: 38/38 MP: 8/8
  2024 | D:3      | Reached skill level 1 in Conjurations
  2024 | D:3      | Reached skill level 1 in Hexes
  2024 | D:3      | Reached skill level 1 in Summonings
  2024 | D:3      | Reached skill level 1 in Necromancy
  2024 | D:3      | Reached skill level 1 in Translocations
  2024 | D:3      | Reached skill level 1 in Fire Magic
  2024 | D:3      | Reached skill level 1 in Ice Magic
  2024 | D:3      | Reached skill level 1 in Air Magic
  2024 | D:3      | Reached skill level 1 in Earth Magic
  2024 | D:3      | Reached skill level 1 in Poison Magic
  2194 | D:3      | Found Ezostrie's Armour Shop.
  2230 | D:3      | Found Kasodaepp's Jewellery Shop.
  2238 | D:3      | Found Abbugam's Weapon Shop.
  2266 | D:3      | Found Byrchuc's Distillery.
  2293 | D:3      | Reached XP level 5. HP: 40/43 MP: 9/9
  3034 | D:3      | Found the +2 ratskin cloak {*Rats rPois rN+ Str-1 Int-1
                  | Dex+1}
  3376 | D:4      | Reached skill level 5 in Fighting
  3376 | D:4      | Reached skill level 5 in Maces & Flails
  3376 | D:4      | Reached XP level 6. HP: 51/51 MP: 9/11
  3438 | D:4      | Reached *** piety under Lugonu
  4132 | D:5      | Entered Level 5 of the Dungeon
  4289 | D:5      | Noticed a black bear
  4313 | D:5      | Reached XP level 7. HP: 51/56 MP: 12/12
  4699 | D:6      | Found Wops's Armour Shoppe.
  4753 | D:6      | Found Govin's Distillery.
  4769 | D:6      | Identified a scroll of acquirement
  4770 | D:6      | Acquired a +2 war axe of draining
  4994 | D:6      | Reached XP level 8. HP: 48/63 MP: 14/14
  5277 | D:6      | Noticed Pikel
  5286 | D:6      | Killed Pikel
  5546 | D:6      | Found Buomoxamugg's Antique Armour Shop.
  5552 | D:6      | Found Pess's General Store.
  5901 | D:6      | Noticed Maggie
  5916 | D:6      | HP: 3/64 [Maggie/bolt of fire (9)]
  5917 | D:6      | HP: 1/64 [Maggie/bolt of fire (2)]
  5917 | D:6      | Killed Maggie
  5918 | D:6      | Reached skill level 5 in Spellcasting
  5918 | D:6      | Reached XP level 9. HP: 1/69 MP: 16/16
  6184 | D:6      | Reached skill level 5 in Throwing
  6184 | D:6      | Reached skill level 5 in Evocations
  6559 | D:6      | Found Nollolet's General Store.
  6567 | D:6      | Bought a +0 pair of boots of rampaging for 115 gold pieces
  6567 | D:6      | Bought a potion of heal wounds for 50 gold pieces
  6650 | D:6      | Found Rucyal's Distillery.
  6734 | D:6      | Learned a level 2 spell: Wereblood
  6852 | D:7      | Reached skill level 5 in Invocations
  6853 | D:7      | Reached **** piety under Lugonu
  7136 | D:7      | Found a hazy altar of Hepliaklqana.
  7137 | D:7      | Found a blossoming altar of Fedhas.
  7137 | D:7      | Found a sacrificial altar of Ru.
  7150 | D:7      | Found a sparkling altar of Nemelex Xobeh.
  7193 | D:7      | Found a staircase to the Ecumenical Temple.
  7377 | D:7      | Found a basalt altar of Yredelemnul.
  7404 | D:7      | Reached skill level 5 in Short Blades
  7404 | D:7      | Reached skill level 5 in Long Blades
  7404 | D:7      | Reached skill level 5 in Axes
  7404 | D:7      | Reached skill level 5 in Polearms
  7404 | D:7      | Reached skill level 5 in Staves
  7404 | D:7      | Reached skill level 5 in Ranged Weapons
  7404 | D:7      | Reached skill level 5 in Armour
  7404 | D:7      | Reached skill level 5 in Dodging
  7404 | D:7      | Reached skill level 5 in Stealth
  7404 | D:7      | Reached skill level 5 in Shields
  7404 | D:7      | Reached skill level 5 in Unarmed Combat
  7404 | D:7      | Reached XP level 10. HP: 77/77 MP: 18/18
  7584 | D:7      | Acquired the +0 crystal plate armour of Yging {Rampage
                  | rPois rN+ MP-9}
  7996 | D:8      | Noticed a cyclops
  8003 | D:8      | Killed a cyclops
  8594 | D:9      | Reached ***** piety under Lugonu
  8731 | D:9      | Noticed a two-headed ogre
  8739 | D:9      | Killed a two-headed ogre
  8960 | D:9      | Reached skill level 5 in Conjurations
  8960 | D:9      | Reached skill level 5 in Hexes
  8960 | D:9      | Reached skill level 5 in Summonings
  8960 | D:9      | Reached skill level 5 in Necromancy
  8960 | D:9      | Reached skill level 5 in Translocations
  8960 | D:9      | Reached skill level 5 in Fire Magic
  8960 | D:9      | Reached skill level 5 in Ice Magic
  8960 | D:9      | Reached skill level 5 in Air Magic
  8960 | D:9      | Reached skill level 5 in Earth Magic
  8960 | D:9      | Reached skill level 5 in Poison Magic
  8960 | D:9      | Reached XP level 11. HP: 74/85 MP: 21/21
  9268 | D:9      | Found a staircase to the Orcish Mines.
 10008 | D:10     | Entered Level 10 of the Dungeon
 10796 | D:10     | Found a staircase to the Lair.
 10807 | D:10     | Noticed Josephine
 10824 | D:10     | Killed Josephine
 11303 | D:10     | Found a burning altar of Makhleb.
 11472 | D:10     | Found a runed translucent gate.
 11473 | D:10     | Found a runed translucent gate.
 11474 | D:10     | Found a runed translucent gate.
 11475 | D:10     | Noticed Moleculo's ghost (novice MiBe)
 11476 | D:10     | Noticed Almogavar's ghost (novice HOFi)
 11476 | D:10     | Noticed tykejmi's ghost (novice DsNe)
 11612 | D:10     | Noticed a two-headed ogre
 11620 | D:10     | Killed a two-headed ogre
 12918 | D:11     | Reached XP level 12. HP: 77/94 MP: 23/23
 14256 | D:12     | Identified the +4 ring mail of Rojerof {*Slow rC+ rN+++
                  | Str-4}
 14354 | D:12     | HP: 4/94 [orc/+0 trident (2)]
 14359 | D:12     | HP: 2/94 [orc/+0 trident (4)]
 14392 | D:12     | HP: 1/94 [vampire mosquito (8)]
 14392 | D:12     | Slain by a vampire mosquito

Illustrated notes

Levels and vault maps discovered:
D:1:      psy_arrival_radial01, layout_loops_corners,
          dreamdust_ecumenical_altar_drowned_temple
D:2:      layout_loops_cross
D:3:      layout_loops_ring, serial_shops, shop, shop, shop,
          nicolae_shop_crystal, kennysheep_generic_room_6
D:4:      layout_cave_pools, serial_rivers, chequers_serial_rivers_micro_b,
          chequers_serial_rivers_room_b, chequers_serial_rivers_large_b,
          chequers_serial_rivers_small_b, chequers_serial_rivers_room_a,
          chequers_serial_rivers_small_a, kennysheep_generic_room_9
D:5:      layout_basic, serial_glass, glass_columns_c, glass_columns_a,
          due_unseen_surprise
D:6:      layout_gridville, serial_shops, nicolae_take_the_stairs,
          nicolae_shop_hallway_stairs, nicolae_shop_hallway_stairs,
          nicolae_shop_tiny_real_fake_doors, shop, nicolae_stop_n_shop_1,
          uniq_maggie, uniq_pikel
D:7:      layout_rooms, nicolae_overflow_quartered_altars,
          mainiacjoe_overflow_six_doors_small, temple_hall
D:8:      layout_cave_pools, minmay_three_doors
D:9:      layout_gridville, david_orc_2
D:10:     layout_loops_ring, lightli_temple_of_fire, lair_entry_dummy,
          gammafunk_ghost_cemetery, nicolae_underground_beach, uniq_josephine
D:11:     layout_basic, special_room [special_room_orc]
D:12:     layout_cave_pools, minivault_7

Skill      XL: |  1  2  3  4  5  6  7  8  9 10 11 12 |
---------------+-------------------------------------+-----
Invocations    | 1 2 3 4 5 6 7 8 |  8.2
Short Blades   | 1 2 3 4 5 6 7 |  7.5
Long Blades    | 1 2 3 4 5 6 7 |  7.5
Axes           | 1 2 3 4 5 6 7 |  7.5
Polearms       | 1 2 3 4 5 6 7 |  7.5
Staves         | 1 2 3 4 5 6 7 |  7.5
Ranged Weapons | 1 2 3 4 5 6 7 |  7.5
Armour         | 1 2 3 4 5 6 7 |  7.5
Dodging        | 1 2 3 4 5 6 7 |  7.5
Stealth        | 1 2 3 4 5 6 7 |  7.5
Shields        | 1 2 3 4 5 6 7 |  7.5
Unarmed Combat | 1 2 3 4 5 6 7 |  7.5
Spellcasting   | 3 4 5 6 7 8 |  8.0
Conjurations   | 1 2 3 4 5 6 |  6.2
Hexes          | 1 2 3 4 5 6 |  6.2
Summonings     | 1 2 3 4 5 6 |  6.2
Necromancy     | 1 2 3 4 5 6 |  6.2
Translocations | 1 2 3 4 5 6 |  6.2
Fire Magic     | 1 2 3 4 5 6 |  6.2
Ice Magic      | 1 2 3 4 5 6 |  6.2
Air Magic      | 1 2 3 4 5 6 |  6.2
Earth Magic    | 1 2 3 4 5 6 |  6.2
Poison Magic   | 1 2 3 4 5 6 |  6.2
Throwing       | 3 4 5 6 7 8 |  8.0
Evocations     | 3 4 5 6 7 8 |  8.0
Fighting       | 5 6 7 8 |  8.9
Maces & Flails | 5 6 7 8 |  8.9
Transmutations | 6 7 8 |  8.4

Action                     |  1- 3 |  4- 6 |  7- 9 | 10-12 || total
---------------------------+-------+-------+-------+-------++-------
  Melee: Mace              |   114 |   130 |       |       ||   244
         Bite              |     8 |    19 |    15 |    75 ||   117
         Dagger            |       |    54 |    33 |       ||    87
         Punch             |       |     1 |     2 |    32 ||    35
         War axe           |       |       |   136 |   610 ||   746
  Throw: Boomerang         |       |     8 |    43 |     9 ||    60
   Cast: Sting             |     4 |     1 |       |       ||     5
         Wereblood         |       |       |     5 |     1 ||     6
  Evoke: Wand              |       |       |     1 |       ||     1
    Use: Scroll            |       |     6 |     5 |    12 ||    23
         Potion            |       |       |     1 |     5 ||     6
   Stab: Sleeping          |     3 |     2 |     4 |       ||     9
         Distracted        |       |       |       |     2 ||     2
 Armour: Leather armour    |    32 |    68 |    12 |       ||   112
         Skin              |       |       |    46 |       ||    46
         Steam dragon scal |       |       |    28 |     4 ||    32
         Crystal plate arm |       |       |       |   669 ||   669
  Dodge: Dodged            |    68 |   119 |    93 |    68 ||   348
  Block: Other             |       |    12 |    49 |   179 ||   240
         Reflection        |       |       |       |     6 ||     6
